 Dungeon Crawl Stone Soup version bcrawl-1.38.3 (webtiles) character file.

Game seed: 871213263739858584

180160 Mrkan the Sneak (level 6, 0/47 HPs)
             Began as a Gnoll Archaeologist on May 26, 2023.
             Killed from afar by an orc wizard (4 damage)
             ... with a puff of frost
             ... on level 3 of the Dungeon.
             The game lasted 00:06:33 (2373 turns).

Mrkan the Sneak (Gnoll Archaeologist)               Turns: 2373, Time: 00:06:33

Health: 0/47       AC:  6    Str: 16    XL:     6   Next: 3%
Magic:  8/8        EV: 15    Int: 16    God:
Gold:   274        SH:  0    Dex: 13    Spells: 8/8 levels left

rFire    + . .     GDR:     26% a - +0 whip
rCold    + . .     SeeInvis .   (no shield)
rNeg     . . .     Gourm    .   c - +1 robe
rPois    +         Faith    .   d - +1 hat
rElec    +         Spirit   .   (no cloak)
rCorr    +         Reflect  .   (no gloves)
MR       .....                  k - +1 pair of boots
Stlth    +++.......             (no amulet)
HPRegen  0.17/turn              (no ring)
MPRegen  0.11/turn              (no ring)

@: swift, resistant, flying, very quick
A: distributed training, fangs 1, strong nose
a: no special abilities


You were on level 3 of the Dungeon.
You were very hungry.

You visited 1 branch of the dungeon, and saw 3 of its levels.

You collected 274 gold pieces.

Inventory:

Hand Weapons
 a - a +0 whip (weapon)
 b - a +0 blowgun
 r - a +2 hand axe of flaming
 w - a +1 long sword of holy wrath
Missiles
 f - 6 curare-tipped needles
Armour
 c - a +1 robe (worn)
 d - a +1 hat (worn)
 k - a +1 pair of boots (worn)
 s - a +0 helmet
Jewellery
 q - an uncursed amulet of magic regeneration {unknown}
Scrolls
 g - 2 scrolls of magic mapping
 h - a scroll of acquirement
 i - 4 scrolls of identify
 m - a scroll of fog {unknown}
 n - a scroll of remove curse {unknown}
 p - a scroll of fear {unknown}
 t - a scroll of amnesia {unknown}
 u - 2 scrolls of teleportation {unknown}
Potions
 l - a potion of invisibility {unknown}
Comestibles
 e - a ration {!d}
 j - 5 chunks of flesh


   Skills:
 + Level 3.1 Fighting
 + Level 1.7 Short Blades
 + Level 1.7 Long Blades
 + Level 1.7 Axes
 + Level 3.1 Maces & Flails
 + Level 1.7 Polearms
 + Level 1.7 Staves
 + Level 1.7 Slings
 + Level 1.7 Bows
 + Level 1.7 Crossbows
 + Level 1.7 Throwing
 + Level 1.7 Armour
 + Level 6.7 Dodging
 + Level 6.7 Stealth
 + Level 1.7 Shields
 + Level 1.7 Unarmed Combat
 + Level 1.7 Spellcasting
 + Level 1.3 Conjurations
 + Level 1.3 Hexes
 + Level 1.3 Charms
 + Level 1.3 Summonings
 + Level 1.3 Necromancy
 + Level 1.3 Translocations
 + Level 1.3 Transmutations
 + Level 1.3 Fire Magic
 + Level 1.3 Ice Magic
 + Level 1.3 Air Magic
 + Level 1.3 Earth Magic
 + Level 1.3 Poison Magic
 + Level 1.9 Invocations
 + Level 1.7 Evocations


You had 8 spell levels left.
You didn't know any spells.
Your spell library was empty.

Dungeon Overview and Level Annotations

Branches:
Dungeon (3/12)

Altars:
Okawaru


Innate Abilities, Weirdness & Mutations

Your experience applies equally to all skills.
You have very sharp teeth.
Your uncanny sense of smell can sniff out nearby items.


Message History

You miss something. Something hits you but does no damage. Something hits you.
* * * LOW HITPOINT WARNING * * *
You miss something. Something hits you.
* * * LOW HITPOINT WARNING * * *
You closely miss something. You bite something.
You hear some strange, mumbled words.
A puff of frost appears from out of thin air!
The puff of frost hits you but does no damage.
You hear some strange, mumbled words.
A puff of frost appears from out of thin air!
You resist. The puff of frost hits you.
* * * LOW HITPOINT WARNING * * *
You closely miss something. Something barely misses you.
It was a potion of flight.
You feel very buoyant.
You fly up into the air.
You hear some strange, mumbled words.
A puff of frost appears from out of thin air!
You resist. The puff of frost hits you.
You die...

#.######........#
#.
#........#########.
#.......#........#.
#...)....#######.#.
#.........# #....
##.###.############
#.# #.##♣P♣P♣P8P♣P
#.# #............[
#@# ####♣P♣P♣P8P♣P
#{# ########## #l#
#.#####K#####
#..l...l....#
#..###.###.{...#
wr.∆ #..### #..#.
..# ...#[#∆ .#


You could see a leopard gecko, a kobold and a frilled lizard.

Vanquished Creatures
  An orc priest (D:3)
  An orc wizard (D:3)
  A worker ant zombie (D:3)
  Robin (D:2)
  2 adders (D:3)
  2 worms (D:2)
  4 dart slugs
  6 leopard geckos
  5 orcs (D:3)
  5 bats
  3 giant cockroaches (D:1)
  11 goblins
  12 hobgoblins
  4 jackals (D:3)
  2 quokkas (D:2)
  3 frilled lizards
  5 kobolds
  3 rats (D:1)
71 creatures vanquished.

Vanquished Creatures (others)
  An orc wizard (D:3)
  4 toadstools (D:2)
5 creatures vanquished.

Grand Total: 76 creatures vanquished

Notes
Turn   | Place    | Note
-------+----------+-------------------------------------------
     0 | D:1      | Mrkan the Gnoll Archaeologist began the quest for the Orb.
     0 | D:1      | Reached XP level 1. HP: 17/17 MP: 1/1
    95 | D:1      | Reached XP level 2. HP: 19/23 MP: 2/2
   372 | D:1      | Reached XP level 3. HP: 28/28 MP: 3/3
   749 | D:2      | Reached skill level 1 in Invocations
   784 | D:2      | Found an iron altar of Okawaru.
   900 | D:2      | Reached skill level 1 in Short Blades
   900 | D:2      | Reached skill level 1 in Long Blades
   900 | D:2      | Reached skill level 1 in Axes
   900 | D:2      | Reached skill level 1 in Polearms
   900 | D:2      | Reached skill level 1 in Staves
   900 | D:2      | Reached skill level 1 in Slings
   900 | D:2      | Reached skill level 1 in Bows
   900 | D:2      | Reached skill level 1 in Crossbows
   900 | D:2      | Reached skill level 1 in Throwing
   900 | D:2      | Reached skill level 1 in Armour
   900 | D:2      | Reached skill level 1 in Shields
   900 | D:2      | Reached skill level 1 in Unarmed Combat
   900 | D:2      | Reached skill level 1 in Spellcasting
   900 | D:2      | Reached skill level 1 in Evocations
   926 | D:2      | Noticed Robin
   946 | D:2      | Reached XP level 4. HP: 32/34 MP: 5/5
   961 | D:2      | Killed Robin
  1730 | D:3      | Reached skill level 1 in Conjurations
  1730 | D:3      | Reached skill level 1 in Hexes
  1730 | D:3      | Reached skill level 1 in Charms
  1730 | D:3      | Reached skill level 1 in Summonings
  1730 | D:3      | Reached skill level 1 in Necromancy
  1730 | D:3      | Reached skill level 1 in Translocations
  1730 | D:3      | Reached skill level 1 in Transmutations
  1730 | D:3      | Reached skill level 1 in Fire Magic
  1730 | D:3      | Reached skill level 1 in Ice Magic
  1730 | D:3      | Reached skill level 1 in Air Magic
  1730 | D:3      | Reached skill level 1 in Earth Magic
  1730 | D:3      | Reached skill level 1 in Poison Magic
  1730 | D:3      | Reached XP level 5. HP: 31/40 MP: 6/6
  1730 | D:3      | Identified a scroll of acquirement
  1757 | D:3      | HP: 1/40 [orc wizard/magic dart (3)]
  2360 | D:3      | Reached XP level 6. HP: 14/47 MP: 8/8
  2373 | D:3      | Killed from afar by an orc wizard

Skill      XL: |  1  2  3  4  5 |
---------------+----------------+-----
Invocations    | 1 |  1.9
Short Blades   | 1 |  1.7
Long Blades    | 1 |  1.7
Axes           | 1 |  1.7
Polearms       | 1 |  1.7
Staves         | 1 |  1.7
Slings         | 1 |  1.7
Bows           | 1 |  1.7
Crossbows      | 1 |  1.7
Throwing       | 1 |  1.7
Armour         | 1 |  1.7
Shields        | 1 |  1.7
Unarmed Combat | 1 |  1.7
Spellcasting   | 1 |  1.7
Evocations     | 1 |  1.7
Conjurations   | 1 |  1.3
Hexes          | 1 |  1.3
Charms         | 1 |  1.3
Summonings     | 1 |  1.3
Necromancy     | 1 |  1.3
Translocations | 1 |  1.3
Transmutations | 1 |  1.3
Fire Magic     | 1 |  1.3
Ice Magic      | 1 |  1.3
Air Magic      | 1 |  1.3
Earth Magic    | 1 |  1.3
Poison Magic   | 1 |  1.3
Fighting       | 3 |  3.1
Maces & Flails | 3 |  3.1
Dodging        | |  6.7
Stealth        | |  6.7

Action                   |  1- 3 |  4- 6 || total
-------------------------+-------+-------++-------
Melee: Whip              |   165 |   236 ||   401
       Bite              |    18 |    25 ||    43
  Use: Potion            |       |     5 ||     5
 Stab: Sleeping          |     8 |     6 ||    14
  Eat: Chunk             |     4 |     6 ||    10
       Ration            |       |     1 ||     1
Armor: Robe              |    41 |    56 ||    97
Dodge: Dodged            |   145 |   160 ||   305
